3L
BROOKLYN DODGERS @ LOUISVILLE BC
09/22/2025
 
TOP OF THE 1ST
Brooklyn Dodgers batting - Pitching for Louisville BC : RHP Leroy Picot
Pitching: RHP Leroy Picot
Batting: RHB Vincent Crane 0-0: Fly out, F9 (Line Drive, 9LM)
Batting: RHB Alan Rosales 0-0: Ball
1-0: Ground out 6-3 (Groundball, 56)
Batting: RHB Gustavo Mateo 0-0: Foul Ball, location: 2F
0-1: Ground out 3-1 (Groundball, 34)
Top of the 1st over - 0 run(s), 0 hit(s), 0 error(s), 0 left on base; Brooklyn 0 - Louisville 0
BOTTOM OF THE 1ST
Louisville BC batting - Pitching for Brooklyn Dodgers : RHP Brian Morris
Pitching: RHP Brian Morris
Batting: SHB Eddie Ménard 0-0: Swinging Strike
0-1: Fly out, F8 (Flyball, 8LS)
Batting: LHB Ray Anderson 0-0: Called Strike
0-1: Called Strike
0-2: Foul Ball, location: 2F
0-2: Strikes out swinging
Batting: SHB Chris Williamson 0-0: Called Strike
0-1: Ball
1-1: Ball
2-1: Ball
3-1: Called Strike
3-2: Ground out 4-3 (Groundball, 4)
Bottom of the 1st over - 0 run(s), 0 hit(s), 0 error(s), 0 left on base; Brooklyn 0 - Louisville 0
TOP OF THE 2ND
Brooklyn Dodgers batting - Pitching for Louisville BC : RHP Leroy Picot
Batting: LHB Avon Barksdale 0-0: Ball
1-0: Foul Ball, location: 2F
1-1: Ball
2-1: SINGLE (Groundball, 4MD)
Batting: LHB Ron Bascombe 0-0: Ball
1-0: Foul Ball, location: 2F
1-1: Called Strike
1-2: Strikes out swinging
Batting: SHB Leonard O'Connor 0-0: Ball
1-0: Ball
2-0: Ball
3-0: Base on Balls
Avon Barksdale to second
Batting: LHB Kelly Brown 0-0: Ball
1-0: Called Strike
1-1: Ball
2-1: Foul Ball, location: 2F
2-2: SINGLE (Groundball, 34S) (infield hit)
Avon Barksdale to third
Leonard O'Connor to second
Batting: RHB Zach Lewis 0-0: Ball
1-0: Ball
2-0: Ball
3-0: Base on Balls
Avon Barksdale scores
Leonard O'Connor to third
Kelly Brown to second
Batting: LHB Ángel Aguilar 0-0: Ball
1-0: Ball
2-0: Ball
3-0: Base on Balls
Leonard O'Connor scores
Kelly Brown to third
Zach Lewis to second
Batting: RHB Vincent Crane 0-0: Ball
1-0: Called Strike
1-1: SINGLE (Groundball, 15S) (infield hit)
Kelly Brown scores
Zach Lewis to third
Ángel Aguilar to second
Batting: RHB Alan Rosales 0-0: Ball
1-0: Called Strike
1-1: Ball
2-1: Fly out, F8 (Flyball, 8LS)
Runner from 3rd tags up, SCORES, no throw
Batting: RHB Gustavo Mateo 0-0: Foul Ball, location: 2F
0-1: Ball
1-1: Ball
2-1: Ball
3-1: Foul Ball, location: 2F
3-2: Strikes out swinging
Top of the 2nd over - 4 run(s), 3 hit(s), 0 error(s), 2 left on base; Brooklyn 4 - Louisville 0
BOTTOM OF THE 2ND
Louisville BC batting - Pitching for Brooklyn Dodgers : RHP Brian Morris
Batting: LHB Luis Velázquez 0-0: Ball
1-0: Ball
2-0: Foul Ball, location: 2F
2-1: Foul Ball, location: 2F
2-2: Ball
3-2: Base on Balls
Batting: LHB Shang-de Zhang 0-0: Ball
1-0: Ball
2-0: Called Strike
2-1: Ball
3-1: Swinging Strike
3-2: Base on Balls
Luis Velázquez to second
Batting: RHB José López 0-0: Ball
1-0: Ball
2-0: DOUBLE (Line Drive, 78D)
Luis Velázquez scores
Shang-de Zhang to third
Batting: RHB Roy Herring 0-0: Ground out 6-3 (Groundball, 6)
Shang-de Zhang scores
Batting: LHB Joram Nelen 0-0: Foul Ball, location: 2F
0-1: Ball
1-1: Ball
2-1: Ball
3-1: Ground out 6-3 (Groundball, 6)
Batting: LHB António González 0-0: Ground out 4-3 (Groundball, 4)
Bottom of the 2nd over - 2 run(s), 1 hit(s), 0 error(s), 1 left on base; Brooklyn 4 - Louisville 2
TOP OF THE 3RD
Brooklyn Dodgers batting - Pitching for Louisville BC : RHP Leroy Picot
Batting: LHB Avon Barksdale 0-0: Ball
1-0: Called Strike
1-1: Swinging Strike
1-2: Fly out, F8 (Flyball, 8RM)
Batting: LHB Ron Bascombe 0-0: Swinging Strike
0-1: Foul Ball, location: 2F
0-2: Ball
1-2: TRIPLE (Flyball, 89XD)
Batting: SHB Leonard O'Connor 0-0: Ball
1-0: Called Strike
1-1: Ground out 4-3 (Groundball, 4)
Ron Bascombe scores
Batting: LHB Kelly Brown 0-0: Swinging Strike
0-1: Ball
1-1: SINGLE (Groundball, 56D)
Batting: RHB Zach Lewis 0-0: Ball
1-0: Fly out, F8 (Flyball, 89M)
Top of the 3rd over - 1 run(s), 2 hit(s), 0 error(s), 1 left on base; Brooklyn 5 - Louisville 2
BOTTOM OF THE 3RD
Louisville BC batting - Pitching for Brooklyn Dodgers : RHP Brian Morris
Batting: SHB Eddie Ménard 0-0: Swinging Strike
0-1: Called Strike
0-2: Ground out 6-3 (Groundball, 6)
Batting: LHB Ray Anderson 0-0: Called Strike
0-1: Ball
1-1: Ball
2-1: Foul Ball, location: 2F
2-2: Ball
3-2: Foul Ball, location: 2F
3-2: Fly out, F7 (Flyball, 78M)
Batting: SHB Chris Williamson 0-0: Called Strike
0-1: Swinging Strike
0-2: Foul Ball, location: 2F
0-2: Ball
1-2: Ball
2-2: Strikes out swinging
Bottom of the 3rd over - 0 run(s), 0 hit(s), 0 error(s), 0 left on base; Brooklyn 5 - Louisville 2
TOP OF THE 4TH
Brooklyn Dodgers batting - Pitching for Louisville BC : RHP Leroy Picot
Batting: LHB Ángel Aguilar 0-0: Swinging Strike
0-1: Ground out 4-3 (Groundball, 4)
Batting: RHB Vincent Crane 0-0: Ball
1-0: Swinging Strike
1-1: Ground out 4-3 (Groundball, 4)
Batting: RHB Alan Rosales 0-0: SINGLE (Groundball, 4D)
Batting: RHB Gustavo Mateo 0-0: Ball
Alan Rosales is caught stealing 2nd base
Top of the 4th over - 0 run(s), 1 hit(s), 0 error(s), 0 left on base; Brooklyn 5 - Louisville 2
BOTTOM OF THE 4TH
Louisville BC batting - Pitching for Brooklyn Dodgers : RHP Brian Morris
Batting: LHB Luis Velázquez 0-0: Foul Ball, location: 2F
0-1: Ball
1-1: Ball
2-1: Ground out 4-3 (Groundball, 34)
Batting: LHB Shang-de Zhang 0-0: Ball
1-0: Foul Ball, location: 2F
1-1: Ball
2-1: Swinging Strike
2-2: SINGLE (Groundball, 4S) (infield hit)
Batting: RHB José López 0-0: Foul Ball, location: 2F
0-1: Foul Ball, location: 2F
0-2: Ball
1-2: Strikes out swinging
Batting: RHB Roy Herring 0-0: Ground out 4-3 (Groundball, 4M)
Bottom of the 4th over - 0 run(s), 1 hit(s), 0 error(s), 1 left on base; Brooklyn 5 - Louisville 2
TOP OF THE 5TH
Brooklyn Dodgers batting - Pitching for Louisville BC : RHP Leroy Picot
Batting: RHB Gustavo Mateo 0-0: Called Strike
0-1: Ball
1-1: SINGLE (Groundball, 56D)
Batting: LHB Avon Barksdale 0-0: Called Strike
0-1: Foul Ball, location: 2F
0-2: Ball
Passed Ball!
Gustavo Mateo to second
1-2: DOUBLE (Line Drive, 9LM)
Gustavo Mateo scores
Pitching: LHP Mathies Pilegaard
Batting: LHB Ron Bascombe 0-0: Ball
1-0: Ball
2-0: Ball
3-0: Called Strike
3-1: Swinging Strike
3-2: Strikes out looking
Batting: SHB Leonard O'Connor 0-0: Intentional Walk
Batting: LHB Kelly Brown 0-0: Ball
1-0: Ball
2-0: Ball
3-0: Called Strike
3-1: Called Strike
3-2: Fly out, F8 (Flyball, 8RS)
Batting: RHB Zach Lewis 0-0: Swinging Strike
0-1: Swinging Strike
0-2: Ball
1-2: Ball
2-2: Ball
3-2: Strikes out swinging
Top of the 5th over - 1 run(s), 2 hit(s), 0 error(s), 2 left on base; Brooklyn 6 - Louisville 2
BOTTOM OF THE 5TH
Louisville BC batting - Pitching for Brooklyn Dodgers : RHP Brian Morris
Batting: LHB Joram Nelen 0-0: SINGLE (Line Drive, 56D)
Batting: LHB António González 0-0: Ball
1-0: Called Strike
1-1: Ground out 4-3 (Groundball, 4MS)
Joram Nelen to second
Batting: SHB Eddie Ménard 0-0: SINGLE (Groundball, 5D)
Joram Nelen to third
Batting: LHB Ray Anderson 0-0: Ball
1-0: Fly out, F8 (Flyball, 8RM)
Batting: SHB Chris Williamson 0-0: Ball
1-0: SINGLE (Groundball, 4MD)
Joram Nelen scores
Eddie Ménard to second
Runner from 2nd tries for 3rd, SAFE, throw made to third
Chris Williamson to second
Batting: LHB Luis Velázquez 0-0: Called Strike
0-1: SINGLE (Line Drive, 6D)
Eddie Ménard scores
Chris Williamson to third
Runner from 3rd tries for Home, SAFE, no throw
Batting: LHB Shang-de Zhang 0-0: Ball
1-0: Called Strike
1-1: Fly out, F5 (Popup, 56)
Bottom of the 5th over - 3 run(s), 4 hit(s), 0 error(s), 1 left on base; Brooklyn 6 - Louisville 5
TOP OF THE 6TH
Brooklyn Dodgers batting - Pitching for Louisville BC : LHP Mathies Pilegaard
Batting: LHB Ángel Aguilar 0-0: Ball
1-0: Fly out, F7 (Flyball, 78M)
Batting: RHB Vincent Crane 0-0: Swinging Strike
0-1: Reached on error, E5 (Groundball, 5L)
Batting: RHB Alan Rosales 0-0: Called Strike
0-1: Ball
1-1: Foul Ball, location: 2F
1-2: Ball
2-2: Ball
3-2: Grounds into double play, 5-4-3 (Groundball, 5L)
Top of the 6th over - 0 run(s), 0 hit(s), 1 error(s), 0 left on base; Brooklyn 6 - Louisville 5
BOTTOM OF THE 6TH
Louisville BC batting - Pitching for Brooklyn Dodgers : RHP Brian Morris
Batting: RHB José López 0-0: Ball
1-0: Ball
2-0: SINGLE (Groundball, 34D)
Pitching: RHP Powell Horne
Batting: RHB Roy Herring 0-0: Bunt missed!
0-1: Ball
1-1: Bunt missed!
1-2: Fly out, F2 (Popup, 3S)
Batting: LHB Joram Nelen 0-0: Ball
1-0: Called Strike
1-1: Swinging Strike
1-2: Ground out 6-3 (Groundball, 6S)
José López to second
Batting: LHB António González 0-0: Ball
1-0: Ball
2-0: SINGLE (Line Drive, 8RS)
José López to third
Runner from 3rd tries for Home, SAFE, no throw
Batting: SHB Eddie Ménard 0-0: Fly out, F7 (Flyball, 7)
Bottom of the 6th over - 1 run(s), 2 hit(s), 0 error(s), 1 left on base; Brooklyn 6 - Louisville 6
TOP OF THE 7TH
Brooklyn Dodgers batting - Pitching for Louisville BC : LHP Mathies Pilegaard
Batting: RHB Gustavo Mateo 0-0: SINGLE (Line Drive, 6M)
Batting: LHB Avon Barksdale 0-0: Ball
1-0: Called Strike
1-1: Ball
2-1: Foul Ball, location: 2F
2-2: SINGLE (Flyball, 6MD)
Gustavo Mateo to second
Batting: LHB Ron Bascombe 0-0: Hit by Pitch
Gustavo Mateo to third
Avon Barksdale to second
Batting: SHB Leonard O'Connor 0-0: Ball
1-0: Called Strike
1-1: Ball
2-1: Ball
3-1: Grounds into double play, 1-2-3 (Groundball, 13)
Avon Barksdale to third
Ron Bascombe to second
Batting: LHB Kelly Brown 0-0: Ground out 6-3 (Groundball, 6)
Top of the 7th over - 0 run(s), 2 hit(s), 0 error(s), 2 left on base; Brooklyn 6 - Louisville 6
BOTTOM OF THE 7TH
Louisville BC batting - Pitching for Brooklyn Dodgers : RHP Powell Horne
Batting: LHB Ray Anderson 0-0: Foul Ball, location: 2F
0-1: Swinging Strike
0-2: Strikes out swinging
Batting: SHB Chris Williamson 0-0: Called Strike
0-1: Called Strike
0-2: Strikes out swinging
Batting: LHB Luis Velázquez 0-0: Swinging Strike
0-1: Ball
1-1: Ball
2-1: Called Strike
2-2: Ball
3-2: Foul Ball, location: 2F
3-2: Strikes out swinging
Bottom of the 7th over - 0 run(s), 0 hit(s), 0 error(s), 0 left on base; Brooklyn 6 - Louisville 6
TOP OF THE 8TH
Brooklyn Dodgers batting - Pitching for Louisville BC : LHP Mathies Pilegaard
Pinch Hitting: RHB Curt Kenney 0-0: Ground out 4-3 (Groundball, 4)
Batting: LHB Ángel Aguilar 0-0: Ball
1-0: Called Strike
1-1: Ball
2-1: Ball
3-1: Swinging Strike
3-2: Base on Balls
Batting: RHB Vincent Crane 0-0: Ball
1-0: Ball
2-0: Ball
3-0: Base on Balls
Ángel Aguilar to second
Pitching: RHP Jim Dixon
Pinch Hitting: RHB Chris Teague 0-0: Bunted foul
0-1: Sac Bunt - play at first, batter OUT! 2-4
Ángel Aguilar to third
Vincent Crane to second
Batting: RHB Gustavo Mateo 0-0: Ball
1-0: Ball
2-0: Foul Ball, location: 2F
2-1: Ball
3-1: Swinging Strike
3-2: Foul Ball, location: 2F
3-2: Base on Balls
Batting: LHB Avon Barksdale 0-0: Called Strike
0-1: Ball
1-1: Ball
2-1: Ball
3-1: Foul Ball, location: 2F
3-2: Foul Ball, location: 2F
3-2: Base on Balls
Ángel Aguilar scores
Vincent Crane to third
Gustavo Mateo to second
Batting: LHB Ron Bascombe 0-0: Ground out U3 (Groundball, 34)
Top of the 8th over - 1 run(s), 0 hit(s), 0 error(s), 3 left on base; Brooklyn 7 - Louisville 6
BOTTOM OF THE 8TH
Louisville BC batting - Pitching for Brooklyn Dodgers : RHP Powell Horne
Pitching: RHP John Bailey
Now at 2B: Curt Kenney
Now in LF: Tony Justice
Batting: LHB Shang-de Zhang 0-0: Ball
1-0: Ball
2-0: Ground out 4-3 (Groundball, 4)
Batting: RHB José López 0-0: Ball
1-0: Fly out, F7 (Flyball, 7S)
Batting: RHB Roy Herring 0-0: Swinging Strike
0-1: Ball
1-1: Ground out 4-3 (Groundball, 4M)
Bottom of the 8th over - 0 run(s), 0 hit(s), 0 error(s), 0 left on base; Brooklyn 7 - Louisville 6
TOP OF THE 9TH
Brooklyn Dodgers batting - Pitching for Louisville BC : RHP Jim Dixon
Batting: SHB Leonard O'Connor 0-0: Ball
1-0: Ball
2-0: Foul Ball, location: 2F
2-1: SINGLE (Groundball, 34D)
Batting: LHB Kelly Brown 0-0: Ball
1-0: Sac Bunt - play at first, batter OUT! 5-4
Leonard O'Connor to second
Batting: RHB Curt Kenney 0-0: Foul Ball, location: 2F
0-1: Ball
1-1: SINGLE (Line Drive, 34D)
Leonard O'Connor to third
Runner from 3rd tries for Home, SAFE, throw made home
Batting: LHB Ángel Aguilar 0-0: Ball
1-0: Fly out, F3 (Popup, 3S)
Batting: RHB Vincent Crane 0-0: Called Strike
0-1: Ball
1-1: Foul Ball, location: 2F
1-2: Ground out U3 (Groundball, 3S)
Top of the 9th over - 1 run(s), 2 hit(s), 0 error(s), 1 left on base; Brooklyn 8 - Louisville 6
BOTTOM OF THE 9TH
Louisville BC batting - Pitching for Brooklyn Dodgers : RHP John Bailey
Pitching: RHP Folkert van Huizen
Batting: LHB Joram Nelen 0-0: Ball
1-0: Ball
2-0: Ball
3-0: Called Strike
3-1: Called Strike
3-2: Strikes out swinging
Batting: LHB António González 0-0: Ball
1-0: Ball
2-0: Ball
3-0: Base on Balls
Batting: SHB Eddie Ménard 0-0: Ball
1-0: Called Strike
1-1: Ball
2-1: Called Strike
2-2: Ball
3-2: Base on Balls
António González to second
Batting: LHB Ray Anderson 0-0: Ball
1-0: Called Strike
1-1: Ball
2-1: Called Strike
2-2: Foul Ball, location: 2F
2-2: Ball
3-2: Foul Ball, location: 2F
3-2: Base on Balls
António González to third
Eddie Ménard to second
Batting: SHB Chris Williamson 0-0: Foul Ball, location: 2F
0-1: Ball
1-1: Swinging Strike
1-2: Ball
2-2: Fly out, F8 (Flyball, 8LM)
Runner from 3rd tags up, SCORES, throw made
Batting: LHB Luis Velázquez 0-0: Foul Ball, location: 2F
0-1: Swinging Strike
0-2: Strikes out swinging
Bottom of the 9th over - 1 run(s), 0 hit(s), 0 error(s), 2 left on base; Brooklyn 8 - Louisville 7
Friday, December 30th, 2016 - OOTP Baseball 17.12 Build 75